Connexion

MINNESOTA Wild vs ARIZONA Coyotes

Created - 28 avril 2024 at 08:30

Goals
1 2 3 T
MINNESOTA Wild 1 2 0 3
ARIZONA Coyotes 2 1 1 4
Shots
1 2 3 T
MINNESOTA Wild 10 11 8 29
ARIZONA Coyotes 19 6 6 31

GoalsPenalties
1st period
1. ARIZONA Coyotes , Justin Abdelkader 1 (Tucker Poolman 1, Sonny Milano 3) at 3:52
2. ARIZONA Coyotes , Matthew Tkachuk 5 (Vince Dunn 8) at 11:04
3. MINNESOTA Wild , Jordan Greenway 3 (Bryan Little 4, Kevin Rooney 4) at 16:25
Justin Abdelkader (ARI) for Holding (Minor) at 1:28
Victor Mete (MIN) for Interference (Minor) at 1:28
Igor Shesterkin (MIN) for Delaying the game (Minor) at 5:33 - Nick Bjugstad served the penalty.
Casey Fitzgerald (MIN) for Tripping (Minor) at 19:26
2nd period
4. ARIZONA Coyotes , Brayden Point 8 (Vince Dunn 9, Dougie Hamilton 8) at 5:48
5. MINNESOTA Wild , Ryan Murray 3 (Kyle Connor 7, Nick Bjugstad 9) at 9:12 (PP)
6. MINNESOTA Wild , Tyler Toffoli 4 (Mikhail Grigorenko 9, Scott Laughton 3) at 15:01
Victor Olofsson (ARI) for Roughing (Minor) at 8:01
Justin Abdelkader (ARI) for Holding (Minor) at 9:15
3rd period
7. ARIZONA Coyotes , Sonny Milano 1 (Tucker Poolman 2, Brock Nelson 1) at 17:33
Timo Meier (ARI) for Slashing (Minor) at 5:00
Kevin Rooney (MIN) for Tripping (Minor) at 7:21
Timo Meier (ARI) for Interference (Minor) at 18:22
Goalie Stats
Igor Shesterkin (MIN), 27 saves from 31 shots - (0,871), L, 5-4-0, 58:40 minutes
Andrei Vasilevsky (ARI), 26 saves from 29 shots - (0,897), W, 6-4-0, 60:00 minutes
3 StarsOfficial
1 - Sonny Milano (ARI)
2 - Vince Dunn (ARI)
3 - Matthew Tkachuk (ARI)
Referees : Ian Walsh and Marc Joannette
Linesman : Tony Sericolo and Brad Kovachik
Game Note
Bryan Little is injured at 3:37 of 3rd period (Strained Left Elbow)
Finance
Level 1 -- Attendance: 5521 (92,02%) -- Ticket Income $828,150
Level 2 -- Attendance: 4227 (88,08%) -- Ticket Income $524,148
Level 3 -- Attendance: 1923 (96,15%) -- Ticket Income $124,995
Level 4 -- Attendance: 3862 (96,55%) -- Ticket Income $181,514
Luxury Box -- Attendance: 1000 (100,00%) -- Ticket Income $292,000
Game was played at the Jobing.com Arena.
Total Attendance: 16533 (92,89%)
Total Ticket Income: $1,950,807
Other Income: $390,161
Total Income: $2,340,968



Team Name Goals Shots Shots Attemp Shots Blocked PIM HIT PP PK FO%
MINNESOTA Wild 3295858201 / 4 (25%)051%
ARIZONA Coyotes 43153810240 / 3 (0%)149%

MINNESOTA Wild
Player Name POS G A P +/- PIM HIT SHT SB MP PP MP PP SHT PK MP PK SHT FO% FOT
Brent BurnsD0000010122:142:3702:5400% 0
Bryan LittleC/RW011100008:130:0002:57042% 12
Casey FitzgeraldD000-2230212:370:0000:1300% 0
Danton HeinenC/LW/RW000-1022016:593:4200:49143% 21
Frank VatranoC/LW/RW000-1024016:103:4210:0000% 2
Jordan EberleC/RW000-2023020:253:0401:40046% 26
Jordan GreenwayLW/RW101100308:120:0000:240100% 1
Kevin RooneyC011121008:230:0001:01073% 11
Kyle ConnorLW011-2010017:553:0400:000100% 1
Mike MathesonD0000011023:194:0900:0000% 0
Mikhail GrigorenkoC/LW/RW0110000014:473:2400:00067% 15
Nick BjugstadC/RW011-2012018:383:0400:43067% 3
Ryan MurrayD1010005021:582:3722:4100% 0
Scott LaughtonC/LW0110001018:120:0004:20033% 3
Tyler ToffoliLW/RW1010003111:230:0000:0000% 0
Victor HedmanD0000041125:104:0913:0300% 0
Victor MeteD000-2210014:400:0003:0300% 0
Viktor ArvidssonLW/RW000-1014012:460:1800:0000% 1
ARIZONA Coyotes
Player Name POS G A P +/- PIM HIT SHT SB MP PP MP PP SHT PK MP PK SHT FO% FOT
Braden SchneiderD0001001011:250:0000:1500% 0
Brayden PointC/RW1011022023:182:3602:22063% 27
Brock NelsonC0111000011:160:0000:00028% 18
Carl HagelinLW/RW000000001:070:0001:0700% 0
Dillon DubeC/LW/RW000000000:150:0000:1500% 0
Dougie HamiltonD0111003025:524:0123:2700% 0
Justin AbdelkaderC/LW1011443011:140:0000:0000% 0
Klim KostinC000000000:000:0000:0000% 0
Madison BoweyD0000011223:061:5613:2700% 0
Matt BoldyLW/RW0000003220:042:3600:00050% 2
Matthew TkachukLW/RW1010046125:263:2124:2400% 1
Nazem KadriC/LW/RW0000003025:263:2104:24146% 41
Sean DurziD0000033022:431:5613:0400% 0
Sonny MilanoLW/RW1121004013:522:3600:000100% 1
Timo MeierLW/RW0001440021:573:2101:000100% 1
Tucker PoolmanD0221020011:250:0000:1500% 0
Victor OlofssonLW/RW0001221017:150:0000:00060% 5
Vince DunnD0221021325:294:0103:0400% 0



Play-by-Play

1st period


0:01 of 1st period - Jordan Eberle wins face-off versus Matt Boldy in neutral zone.
0:20 of 1st period - Shot by Jordan Eberle.
0:20 of 1st period - Deflect By Kyle Connor.
0:20 of 1st period - Shot Misses the Net.
0:32 of 1st period - Shot by Nick Bjugstad.
0:32 of 1st period - Shot Misses the Net.
0:34 of 1st period - Shot by Jordan Eberle.
0:34 of 1st period - Stopped by Andrei Vasilevsky with a rebound.
0:36 of 1st period - Shot by Nick Bjugstad.
0:36 of 1st period - Stopped by Andrei Vasilevsky without a rebound.
0:37 of 1st period - Danton Heinen wins face-off versus Brayden Point in ARIZONA Coyotes zone.
1:02 of 1st period - Shot by Frank Vatrano.
1:02 of 1st period - Stopped by Andrei Vasilevsky without a rebound.
1:03 of 1st period - Mikhail Grigorenko wins face-off versus Brock Nelson in ARIZONA Coyotes zone.
1:06 of 1st period - Shot by Tyler Toffoli.
1:06 of 1st period - Stopped by Andrei Vasilevsky without a rebound.
1:07 of 1st period - Mikhail Grigorenko wins face-off versus Brock Nelson in ARIZONA Coyotes zone.
1:28 of 1st period - Minor Penalty to Justin Abdelkader for Holding.
1:28 of 1st period - Minor Penalty to Victor Mete for Interference.
1:29 of 1st period - Brayden Point wins face-off versus Bryan Little in MINNESOTA Wild zone.
1:42 of 1st period - Shot by Jordan Greenway.
1:42 of 1st period - Stopped by Andrei Vasilevsky without a rebound.
1:43 of 1st period - Kevin Rooney wins face-off versus Nazem Kadri in ARIZONA Coyotes zone.
2:47 of 1st period - Shot by Ryan Murray.
2:47 of 1st period - Shot Misses the Net.
3:28 of 1st period - Off-side.
3:29 of 1st period - Brock Nelson wins face-off versus Danton Heinen in neutral zone.
3:42 of 1st period - Shot by Sonny Milano.
3:42 of 1st period - Deflect By Justin Abdelkader.
3:42 of 1st period - Shot Blocked by Casey Fitzgerald.
3:52 of 1st period - Shot by Justin Abdelkader.
3:52 of 1st period - Goal by Justin Abdelkader - MINNESOTA Wild : 0 - ARIZONA Coyotes : 1.
3:53 of 1st period - Jordan Eberle wins face-off versus Nazem Kadri in neutral zone.
4:09 of 1st period - Shot by Matthew Tkachuk.
4:09 of 1st period - Deflect By Matt Boldy.
4:09 of 1st period - Stopped by Igor Shesterkin without a rebound.
4:10 of 1st period - Mikhail Grigorenko wins face-off versus Brayden Point in MINNESOTA Wild zone.
4:10 of 1st period - Mikhail Grigorenko is hit by Timo Meier.
4:25 of 1st period - Icing by Dougie Hamilton.
4:26 of 1st period - Kevin Rooney wins face-off versus Victor Olofsson in ARIZONA Coyotes zone.
4:43 of 1st period - Shot by Jordan Greenway.
4:43 of 1st period - Stopped by Andrei Vasilevsky without a rebound.
4:44 of 1st period - Kyle Connor wins face-off versus Nazem Kadri in ARIZONA Coyotes zone.
4:52 of 1st period - Icing by Sean Durzi.
4:53 of 1st period - Mikhail Grigorenko wins face-off versus Nazem Kadri in ARIZONA Coyotes zone.
5:25 of 1st period - Icing by Nazem Kadri.
5:26 of 1st period - Nazem Kadri wins face-off versus Jordan Eberle in ARIZONA Coyotes zone.
5:33 of 1st period - Shot by Matthew Tkachuk.
5:33 of 1st period - Stopped by Igor Shesterkin without a rebound.
5:33 of 1st period - Minor Penalty to Igor Shesterkin for Delaying the game.
5:34 of 1st period - Brayden Point wins face-off versus Bryan Little in MINNESOTA Wild zone.
5:43 of 1st period - Shot by Dougie Hamilton.
5:43 of 1st period - Stopped by Igor Shesterkin without a rebound.
5:44 of 1st period - Bryan Little wins face-off versus Nazem Kadri in MINNESOTA Wild zone.
5:44 of 1st period - Bryan Little is hit by Matthew Tkachuk.
5:57 of 1st period - Icing by Nazem Kadri.
5:58 of 1st period - Bryan Little wins face-off versus Nazem Kadri in ARIZONA Coyotes zone.
6:18 of 1st period - Shot by Vince Dunn.
6:18 of 1st period - Shot Misses the Net.
6:32 of 1st period - Shot by Matthew Tkachuk.
6:32 of 1st period - Stopped by Igor Shesterkin without a rebound.
6:33 of 1st period - Bryan Little wins face-off versus Brayden Point in MINNESOTA Wild zone.
6:33 of 1st period - Bryan Little is hit by Sean Durzi.
6:49 of 1st period - Shot by Matt Boldy.
6:49 of 1st period - Shot Misses the Net.
6:57 of 1st period - Shot by Sean Durzi.
6:57 of 1st period - Stopped by Igor Shesterkin without a rebound.
6:58 of 1st period - Bryan Little wins face-off versus Nazem Kadri in MINNESOTA Wild zone.
7:13 of 1st period - Shot by Matthew Tkachuk.
7:13 of 1st period - Stopped by Igor Shesterkin without a rebound.
7:14 of 1st period - Brayden Point wins face-off versus Bryan Little in MINNESOTA Wild zone.
7:19 of 1st period - Shot by Madison Bowey.
7:19 of 1st period - Stopped by Igor Shesterkin without a rebound.
7:20 of 1st period - Sonny Milano wins face-off versus Bryan Little in MINNESOTA Wild zone.
7:48 of 1st period - Shot by Sean Durzi.
7:48 of 1st period - Stopped by Igor Shesterkin without a rebound.
7:49 of 1st period - Nazem Kadri wins face-off versus Jordan Eberle in MINNESOTA Wild zone.
7:52 of 1st period - Shot by Matt Boldy.
7:52 of 1st period - Stopped by Igor Shesterkin with a rebound.
7:54 of 1st period - Shot by Vince Dunn.
7:54 of 1st period - Stopped by Igor Shesterkin with a rebound.
7:56 of 1st period - Shot by Matt Boldy.
7:56 of 1st period - Shot Blocked by Brent Burns.
8:37 of 1st period - Dougie Hamilton is hit by Brent Burns and loses puck.
8:52 of 1st period - Icing by Sean Durzi.
8:53 of 1st period - Danton Heinen wins face-off versus Brayden Point in ARIZONA Coyotes zone.
9:04 of 1st period - Shot by Frank Vatrano.
9:04 of 1st period - Stopped by Andrei Vasilevsky with a rebound.
9:06 of 1st period - Shot by Victor Hedman.
9:06 of 1st period - Shot Blocked by Madison Bowey.
9:08 of 1st period - Shot by Mike Matheson.
9:08 of 1st period - Shot Blocked by Madison Bowey.
9:24 of 1st period - Shot by Madison Bowey.
9:24 of 1st period - Shot Misses the Net.
9:38 of 1st period - Madison Bowey is hit by Frank Vatrano.
9:59 of 1st period - Off-side.
10:00 of 1st period - Nazem Kadri wins face-off versus Mikhail Grigorenko in neutral zone.
10:19 of 1st period - Shot by Nazem Kadri.
10:19 of 1st period - Shot Misses the Net.
10:21 of 1st period - Shot by Matthew Tkachuk.
10:21 of 1st period - Stopped by Igor Shesterkin without a rebound.
10:22 of 1st period - Kevin Rooney wins face-off versus Brock Nelson in MINNESOTA Wild zone.
10:45 of 1st period - Shot by Ryan Murray.
10:45 of 1st period - Stopped by Andrei Vasilevsky without a rebound.
10:46 of 1st period - Nazem Kadri wins face-off versus Jordan Eberle in ARIZONA Coyotes zone.
10:46 of 1st period - Nazem Kadri is hit by Jordan Eberle.
11:04 of 1st period - Shot by Matthew Tkachuk.
11:04 of 1st period - Goal by Matthew Tkachuk - MINNESOTA Wild : 0 - ARIZONA Coyotes : 2.
11:05 of 1st period - Brayden Point wins face-off versus Mikhail Grigorenko in neutral zone.
11:22 of 1st period - Shot by Brayden Point.
11:22 of 1st period - Stopped by Igor Shesterkin without a rebound.
11:23 of 1st period - Jordan Eberle wins face-off versus Nazem Kadri in MINNESOTA Wild zone.
11:27 of 1st period - Off-side.
11:28 of 1st period - Nazem Kadri wins face-off versus Frank Vatrano in neutral zone.
11:56 of 1st period - Matt Boldy is hit by Mike Matheson and loses puck.
12:09 of 1st period - Shot by Matthew Tkachuk.
12:09 of 1st period - Stopped by Igor Shesterkin without a rebound.
12:10 of 1st period - Brayden Point wins face-off versus Jordan Eberle in MINNESOTA Wild zone.
12:25 of 1st period - Timo Meier is hit by Jordan Eberle.
13:27 of 1st period - Shot by Sonny Milano.
13:27 of 1st period - Shot Misses the Net.
13:29 of 1st period - Shot by Justin Abdelkader.
13:29 of 1st period - Stopped by Igor Shesterkin without a rebound.
13:30 of 1st period - Nazem Kadri wins face-off versus Bryan Little in MINNESOTA Wild zone.
13:37 of 1st period - Shot by Nazem Kadri.
13:37 of 1st period - Shot Misses the Net.
13:39 of 1st period - Shot by Matthew Tkachuk.
13:39 of 1st period - Shot Misses the Net.
13:41 of 1st period - Shot by Dougie Hamilton.
13:41 of 1st period - Stopped by Igor Shesterkin without a rebound.
13:42 of 1st period - Nazem Kadri wins face-off versus Mikhail Grigorenko in MINNESOTA Wild zone.
14:02 of 1st period - Shot by Mikhail Grigorenko.
14:02 of 1st period - Deflect By Scott Laughton.
14:02 of 1st period - Shot Blocked by Matthew Tkachuk.
14:04 of 1st period - Shot by Mikhail Grigorenko.
14:04 of 1st period - Shot Misses the Net.
14:17 of 1st period - Scott Laughton is hit by Vince Dunn and loses puck.
14:25 of 1st period - Off-side.
14:26 of 1st period - Brayden Point wins face-off versus Danton Heinen in neutral zone.
14:26 of 1st period - Brayden Point is hit by Frank Vatrano.
14:35 of 1st period - Mike Matheson is hit by Brayden Point and loses puck.
15:02 of 1st period - Shot by Viktor Arvidsson.
15:02 of 1st period - Stopped by Andrei Vasilevsky without a rebound.
15:03 of 1st period - Jordan Eberle wins face-off versus Brock Nelson in ARIZONA Coyotes zone.
15:31 of 1st period - Icing by Brent Burns.
15:32 of 1st period - Jordan Eberle wins face-off versus Nazem Kadri in MINNESOTA Wild zone.
16:03 of 1st period - Icing by Dougie Hamilton.
16:04 of 1st period - Kevin Rooney wins face-off versus Nazem Kadri in ARIZONA Coyotes zone.
16:05 of 1st period - Shot by Mike Matheson.
16:05 of 1st period - Deflect By Jordan Greenway.
16:05 of 1st period - Shot Blocked by Matt Boldy.
16:10 of 1st period - Kevin Rooney is hit by Vince Dunn and loses puck.
16:25 of 1st period - Shot by Jordan Greenway.
16:25 of 1st period - Goal by Jordan Greenway - MINNESOTA Wild : 1 - ARIZONA Coyotes : 2.
16:26 of 1st period - Victor Olofsson wins face-off versus Danton Heinen in neutral zone.
16:32 of 1st period - Off-side.
16:33 of 1st period - Mikhail Grigorenko wins face-off versus Brayden Point in neutral zone.
16:57 of 1st period - Icing by Victor Hedman.
16:58 of 1st period - Nazem Kadri wins face-off versus Mikhail Grigorenko in MINNESOTA Wild zone.
17:57 of 1st period - Shot by Brayden Point.
17:57 of 1st period - Shot Misses the Net.
17:59 of 1st period - Shot by Madison Bowey.
17:59 of 1st period - Shot Misses the Net.
18:12 of 1st period - Icing by Tyler Toffoli.
18:13 of 1st period - Scott Laughton wins face-off versus Brock Nelson in MINNESOTA Wild zone.
18:26 of 1st period - Tucker Poolman is hit by Viktor Arvidsson.
18:42 of 1st period - Shot by Sonny Milano.
18:42 of 1st period - Stopped by Igor Shesterkin without a rebound.
18:43 of 1st period - Brayden Point wins face-off versus Jordan Eberle in MINNESOTA Wild zone.
18:43 of 1st period - Victor Olofsson is hit by Victor Mete.
19:26 of 1st period - Minor Penalty to Casey Fitzgerald for Tripping.
19:27 of 1st period - Nazem Kadri wins face-off versus Bryan Little in MINNESOTA Wild zone.
19:48 of 1st period - Shot by Dougie Hamilton.
19:48 of 1st period - Stopped by Igor Shesterkin without a rebound.
19:49 of 1st period - Brayden Point wins face-off versus Bryan Little in MINNESOTA Wild zone.
Goals for this period are 1 for MINNESOTA Wild vs 2 for ARIZONA Coyotes .
Shots for this period are 10 for MINNESOTA Wild vs 19 for ARIZONA Coyotes .

2nd period


0:01 of 2nd period - Bryan Little wins face-off versus Nazem Kadri in neutral zone.
0:34 of 2nd period - Shot by Matthew Tkachuk.
0:34 of 2nd period - Shot Misses the Net.
1:08 of 2nd period - Brayden Point is hit by Kevin Rooney and loses puck.
1:32 of 2nd period - Shot by Danton Heinen.
1:32 of 2nd period - Shot Misses the Net.
1:38 of 2nd period - Viktor Arvidsson is hit by Justin Abdelkader and loses puck.
2:08 of 2nd period - Icing by Mike Matheson.
2:09 of 2nd period - Nazem Kadri wins face-off versus Danton Heinen in MINNESOTA Wild zone.
2:09 of 2nd period - Sean Durzi is hit by Victor Hedman.
2:19 of 2nd period - Shot by Nazem Kadri.
2:19 of 2nd period - Stopped by Igor Shesterkin without a rebound.
2:20 of 2nd period - Jordan Eberle wins face-off versus Brayden Point in MINNESOTA Wild zone.
2:41 of 2nd period - Shot by Kyle Connor.
2:41 of 2nd period - Shot Misses the Net.
3:00 of 2nd period - Off-side.
3:01 of 2nd period - Kevin Rooney wins face-off versus Matthew Tkachuk in neutral zone.
3:01 of 2nd period - Kevin Rooney is hit by Matthew Tkachuk.
3:25 of 2nd period - Kevin Rooney is hit by Matthew Tkachuk and loses puck.
3:29 of 2nd period - Casey Fitzgerald is hit by Matthew Tkachuk and loses puck.
3:39 of 2nd period - Nazem Kadri is hit by Casey Fitzgerald and loses puck.
3:43 of 2nd period - Icing by Bryan Little.
3:44 of 2nd period - Victor Olofsson wins face-off versus Kevin Rooney in MINNESOTA Wild zone.
3:44 of 2nd period - Brayden Point is hit by Casey Fitzgerald and loses puck.
4:22 of 2nd period - Shot by Viktor Arvidsson.
4:22 of 2nd period - Stopped by Andrei Vasilevsky with a rebound.
4:24 of 2nd period - Shot by Danton Heinen.
4:24 of 2nd period - Shot Blocked by Vince Dunn.
4:26 of 2nd period - Shot by Ryan Murray.
4:26 of 2nd period - Stopped by Andrei Vasilevsky without a rebound.
4:27 of 2nd period - Brock Nelson wins face-off versus Jordan Eberle in ARIZONA Coyotes zone.
4:40 of 2nd period - Shot by Mike Matheson.
4:40 of 2nd period - Stopped by Andrei Vasilevsky without a rebound.
4:41 of 2nd period - Nazem Kadri wins face-off versus Mikhail Grigorenko in ARIZONA Coyotes zone.
4:56 of 2nd period - Shot by Matthew Tkachuk.
4:56 of 2nd period - Shot Misses the Net.
5:48 of 2nd period - Shot by Brayden Point.
5:48 of 2nd period - Goal by Brayden Point - MINNESOTA Wild : 1 - ARIZONA Coyotes : 3.
5:49 of 2nd period - Nick Bjugstad wins face-off versus Brock Nelson in neutral zone.
5:52 of 2nd period - Shot by Nick Bjugstad.
5:52 of 2nd period - Shot Misses the Net.
5:54 of 2nd period - Shot by Nick Bjugstad.
5:54 of 2nd period - Shot Misses the Net.
5:57 of 2nd period - Icing by Braden Schneider.
5:58 of 2nd period - Brock Nelson wins face-off versus Frank Vatrano in ARIZONA Coyotes zone.
6:05 of 2nd period - Victor Hedman is hit by Justin Abdelkader and loses puck.
6:20 of 2nd period - Shot by Justin Abdelkader.
6:20 of 2nd period - Stopped by Igor Shesterkin without a rebound.
6:21 of 2nd period - Nazem Kadri wins face-off versus Jordan Eberle in MINNESOTA Wild zone.
6:38 of 2nd period - Shot by Matt Boldy.
6:38 of 2nd period - Stopped by Igor Shesterkin without a rebound.
6:39 of 2nd period - Brayden Point wins face-off versus Danton Heinen in MINNESOTA Wild zone.
6:59 of 2nd period - Icing by Danton Heinen.
7:00 of 2nd period - Danton Heinen wins face-off versus Nazem Kadri in MINNESOTA Wild zone.
7:20 of 2nd period - Shot by Viktor Arvidsson.
7:20 of 2nd period - Stopped by Andrei Vasilevsky without a rebound.
7:21 of 2nd period - Jordan Eberle wins face-off versus Brayden Point in ARIZONA Coyotes zone.
7:34 of 2nd period - Shot by Jordan Eberle.
7:34 of 2nd period - Stopped by Andrei Vasilevsky with a rebound.
7:50 of 2nd period - Ryan Murray is hit by Timo Meier and loses puck.
8:01 of 2nd period - Minor Penalty to Victor Olofsson for Roughing.
8:02 of 2nd period - Nazem Kadri wins face-off versus Danton Heinen in ARIZONA Coyotes zone.
8:34 of 2nd period - Icing by Frank Vatrano.
8:35 of 2nd period - Danton Heinen wins face-off versus Nazem Kadri in MINNESOTA Wild zone.
8:48 of 2nd period - Shot by Mikhail Grigorenko.
8:48 of 2nd period - Shot Misses the Net.
8:50 of 2nd period - Shot by Victor Hedman.
8:50 of 2nd period - Shot Hit the Post.
8:52 of 2nd period - Shot by Danton Heinen.
8:52 of 2nd period - Shot Misses the Net.
8:54 of 2nd period - Shot by Mike Matheson.
8:54 of 2nd period - Deflect By Frank Vatrano.
8:54 of 2nd period - Stopped by Andrei Vasilevsky without a rebound.
8:55 of 2nd period - Nick Bjugstad wins face-off versus Brayden Point in ARIZONA Coyotes zone.
9:08 of 2nd period - Shot by Nick Bjugstad.
9:08 of 2nd period - Shot Misses the Net.
9:10 of 2nd period - Shot by Kyle Connor.
9:10 of 2nd period - Shot Misses the Net.
9:12 of 2nd period - Shot by Ryan Murray.
9:12 of 2nd period - Goal by Ryan Murray - MINNESOTA Wild : 2 - ARIZONA Coyotes : 3.
9:13 of 2nd period - Kevin Rooney wins face-off versus Brock Nelson in neutral zone.
9:15 of 2nd period - Minor Penalty to Justin Abdelkader for Holding.
9:16 of 2nd period - Jordan Eberle wins face-off versus Nazem Kadri in ARIZONA Coyotes zone.
9:17 of 2nd period - Shot by Victor Hedman.
9:17 of 2nd period - Shot Misses the Net.
9:25 of 2nd period - Shot by Nazem Kadri.
9:25 of 2nd period - Stopped by Igor Shesterkin without a rebound.
9:26 of 2nd period - Nazem Kadri wins face-off versus Jordan Eberle in MINNESOTA Wild zone.
10:25 of 2nd period - Madison Bowey is hit by Nick Bjugstad and loses puck.
10:58 of 2nd period - Brayden Point is hit by Danton Heinen.
11:56 of 2nd period - Victor Mete is hit by Justin Abdelkader and loses puck.
12:23 of 2nd period - Shot by Brayden Point.
12:23 of 2nd period - Shot Blocked by Tyler Toffoli.
12:25 of 2nd period - Shot by Brayden Point.
12:25 of 2nd period - Shot Misses the Net.
12:56 of 2nd period - Icing by Brayden Point.
12:57 of 2nd period - Danton Heinen wins face-off versus Victor Olofsson in ARIZONA Coyotes zone.
13:08 of 2nd period - Frank Vatrano is hit by Victor Olofsson and loses puck.
13:21 of 2nd period - Brayden Point is hit by Danton Heinen and loses puck.
13:34 of 2nd period - Shot by Frank Vatrano.
13:34 of 2nd period - Stopped by Andrei Vasilevsky with a rebound.
13:38 of 2nd period - Shot by Viktor Arvidsson.
13:38 of 2nd period - Stopped by Andrei Vasilevsky without a rebound.
13:39 of 2nd period - Nazem Kadri wins face-off versus Jordan Eberle in ARIZONA Coyotes zone.
13:56 of 2nd period - Shot by Nazem Kadri.
13:56 of 2nd period - Shot Blocked by Casey Fitzgerald.
14:04 of 2nd period - Nazem Kadri is hit by Kyle Connor and loses puck.
14:12 of 2nd period - Icing by Nazem Kadri.
14:13 of 2nd period - Mikhail Grigorenko wins face-off versus Nazem Kadri in ARIZONA Coyotes zone.
14:22 of 2nd period - Shot by Brent Burns.
14:22 of 2nd period - Shot Misses the Net.
14:24 of 2nd period - Shot by Ryan Murray.
14:24 of 2nd period - Shot Misses the Net.
14:37 of 2nd period - Icing by Brent Burns.
14:38 of 2nd period - Brock Nelson wins face-off versus Scott Laughton in MINNESOTA Wild zone.
14:59 of 2nd period - Shot by Scott Laughton.
14:59 of 2nd period - Deflect By Mikhail Grigorenko.
14:59 of 2nd period - Shot Misses the Net.
15:01 of 2nd period - Shot by Tyler Toffoli.
15:01 of 2nd period - Goal by Tyler Toffoli - MINNESOTA Wild : 3 - ARIZONA Coyotes : 3.
15:02 of 2nd period - Brayden Point wins face-off versus Nick Bjugstad in neutral zone.
15:19 of 2nd period - Victor Olofsson is hit by Victor Hedman and loses puck.
15:51 of 2nd period - Victor Hedman is hit by Sean Durzi and loses puck.
15:55 of 2nd period - Icing by Sean Durzi.
15:56 of 2nd period - Danton Heinen wins face-off versus Nazem Kadri in ARIZONA Coyotes zone.
16:13 of 2nd period - Shot by Viktor Arvidsson.
16:13 of 2nd period - Shot Blocked by Matt Boldy.
16:15 of 2nd period - Shot by Ryan Murray.
16:15 of 2nd period - Stopped by Andrei Vasilevsky without a rebound.
16:16 of 2nd period - Mikhail Grigorenko wins face-off versus Brock Nelson in ARIZONA Coyotes zone.
17:12 of 2nd period - Nazem Kadri is hit by Casey Fitzgerald and loses puck.
17:31 of 2nd period - Shot by Matthew Tkachuk.
17:31 of 2nd period - Shot Misses the Net.
17:33 of 2nd period - Shot by Nazem Kadri.
17:33 of 2nd period - Stopped by Igor Shesterkin without a rebound.
17:34 of 2nd period - Brayden Point wins face-off versus Jordan Eberle in MINNESOTA Wild zone.
17:35 of 2nd period - Shot by Victor Olofsson.
17:35 of 2nd period - Shot Misses the Net.
18:07 of 2nd period - Shot by Nick Bjugstad.
18:07 of 2nd period - Deflect By Jordan Eberle.
18:07 of 2nd period - Shot Blocked by Vince Dunn.
18:26 of 2nd period - Icing by Timo Meier.
18:27 of 2nd period - Brayden Point wins face-off versus Viktor Arvidsson in ARIZONA Coyotes zone.
18:42 of 2nd period - Danton Heinen is hit by Timo Meier.
19:09 of 2nd period - Icing by Danton Heinen.
19:10 of 2nd period - Brock Nelson wins face-off versus Danton Heinen in MINNESOTA Wild zone.
19:28 of 2nd period - Icing by Braden Schneider.
19:29 of 2nd period - Jordan Eberle wins face-off versus Brock Nelson in ARIZONA Coyotes zone.
19:53 of 2nd period - Braden Schneider is hit by Victor Hedman and loses puck.
Goals for this period are 2 for MINNESOTA Wild vs 1 for ARIZONA Coyotes .
Shots for this period are 11 for MINNESOTA Wild vs 6 for ARIZONA Coyotes .

3rd period


0:01 of 3rd period - Danton Heinen wins face-off versus Nazem Kadri in neutral zone.
0:08 of 3rd period - Shot by Danton Heinen.
0:08 of 3rd period - Stopped by Andrei Vasilevsky without a rebound.
0:09 of 3rd period - Jordan Eberle wins face-off versus Nazem Kadri in ARIZONA Coyotes zone.
0:26 of 3rd period - Shot by Nick Bjugstad.
0:26 of 3rd period - Stopped by Andrei Vasilevsky without a rebound.
0:27 of 3rd period - Timo Meier wins face-off versus Danton Heinen in ARIZONA Coyotes zone.
1:33 of 3rd period - Shot by Jordan Eberle.
1:33 of 3rd period - Stopped by Andrei Vasilevsky without a rebound.
1:34 of 3rd period - Jordan Greenway wins face-off versus Nazem Kadri in ARIZONA Coyotes zone.
1:36 of 3rd period - Kevin Rooney is hit by Sean Durzi and loses puck.
1:50 of 3rd period - Off-side.
1:51 of 3rd period - Jordan Eberle wins face-off versus Brock Nelson in neutral zone.
2:20 of 3rd period - Shot by Mike Matheson.
2:20 of 3rd period - Shot Misses the Net.
3:11 of 3rd period - Off-side.
3:12 of 3rd period - Brayden Point wins face-off versus Kevin Rooney in neutral zone.
3:36 of 3rd period - Bryan Little is hit by Victor Olofsson.
3:37 of 3rd period - Bryan Little from MINNESOTA Wild is injured at 3:37 of 3rd period (Strained Left Elbow).
3:38 of 3rd period - Mikhail Grigorenko wins face-off versus Nazem Kadri in MINNESOTA Wild zone.
5:00 of 3rd period - Minor Penalty to Timo Meier for Slashing.
5:01 of 3rd period - Jordan Eberle wins face-off versus Nazem Kadri in ARIZONA Coyotes zone.
6:52 of 3rd period - Ryan Murray is hit by Brayden Point and loses puck.
7:06 of 3rd period - Shot by Jordan Greenway.
7:06 of 3rd period - Shot Misses the Net.
7:08 of 3rd period - Shot by Scott Laughton.
7:08 of 3rd period - Stopped by Andrei Vasilevsky without a rebound.
7:09 of 3rd period - Kevin Rooney wins face-off versus Brock Nelson in ARIZONA Coyotes zone.
7:21 of 3rd period - Minor Penalty to Kevin Rooney for Tripping.
7:22 of 3rd period - Brayden Point wins face-off versus Scott Laughton in MINNESOTA Wild zone.
9:07 of 3rd period - Shot by Danton Heinen.
9:07 of 3rd period - Stopped by Andrei Vasilevsky without a rebound.
9:08 of 3rd period - Nazem Kadri wins face-off versus Danton Heinen in ARIZONA Coyotes zone.
9:37 of 3rd period - Jordan Greenway is hit by Justin Abdelkader and loses puck.
9:47 of 3rd period - Jordan Greenway is hit by Tucker Poolman and loses puck.
11:57 of 3rd period - Off-side.
11:58 of 3rd period - Mikhail Grigorenko wins face-off versus Brayden Point in neutral zone.
12:00 of 3rd period - Ryan Murray is hit by Madison Bowey and loses puck.
12:29 of 3rd period - Shot by Victor Olofsson.
12:29 of 3rd period - Stopped by Igor Shesterkin with a rebound.
12:31 of 3rd period - Shot by Sean Durzi.
12:31 of 3rd period - Stopped by Igor Shesterkin without a rebound.
12:32 of 3rd period - Nazem Kadri wins face-off versus Kevin Rooney in MINNESOTA Wild zone.
13:35 of 3rd period - Icing by Ryan Murray.
13:36 of 3rd period - Victor Olofsson wins face-off versus Jordan Eberle in MINNESOTA Wild zone.
14:21 of 3rd period - Off-side.
14:22 of 3rd period - Kevin Rooney wins face-off versus Brock Nelson in neutral zone.
14:47 of 3rd period - Shot by Justin Abdelkader.
14:47 of 3rd period - Shot Blocked by Victor Hedman.
14:49 of 3rd period - Shot by Braden Schneider.
14:49 of 3rd period - Stopped by Igor Shesterkin with a rebound.
14:55 of 3rd period - Shot by Sonny Milano.
14:55 of 3rd period - Stopped by Igor Shesterkin without a rebound.
14:56 of 3rd period - Matt Boldy wins face-off versus Danton Heinen in MINNESOTA Wild zone.
15:15 of 3rd period - Shot by Nazem Kadri.
15:15 of 3rd period - Shot Hit the Post.
15:30 of 3rd period - Off-side.
15:31 of 3rd period - Brayden Point wins face-off versus Jordan Eberle in neutral zone.
15:33 of 3rd period - Off-side.
15:34 of 3rd period - Brayden Point wins face-off versus Jordan Eberle in neutral zone.
15:37 of 3rd period - Kyle Connor is hit by Timo Meier and loses puck.
17:11 of 3rd period - Matthew Tkachuk is hit by Victor Hedman.
17:13 of 3rd period - Shot by Nazem Kadri.
17:13 of 3rd period - Shot Misses the Net.
17:29 of 3rd period - Shot by Sonny Milano.
17:29 of 3rd period - Stopped by Igor Shesterkin with a rebound.
17:31 of 3rd period - Shot by Tucker Poolman.
17:31 of 3rd period - Shot Misses the Net.
17:33 of 3rd period - Shot by Sonny Milano.
17:33 of 3rd period - Goal by Sonny Milano - MINNESOTA Wild : 3 - ARIZONA Coyotes : 4.
17:34 of 3rd period - Mikhail Grigorenko wins face-off versus Brock Nelson in neutral zone.
17:53 of 3rd period - Shot by Mikhail Grigorenko.
17:53 of 3rd period - Shot Misses the Net.
18:06 of 3rd period - Tyler Toffoli is hit by Tucker Poolman and loses puck.
18:15 of 3rd period - Shot by Tyler Toffoli.
18:15 of 3rd period - Stopped by Andrei Vasilevsky without a rebound.
18:16 of 3rd period - Brayden Point wins face-off versus Danton Heinen in ARIZONA Coyotes zone.
18:22 of 3rd period - Minor Penalty to Timo Meier for Interference.
18:23 of 3rd period - Danton Heinen wins face-off versus Nazem Kadri in ARIZONA Coyotes zone.
18:40 of 3rd period - MINNESOTA Wild , Igor Shesterkin is pulled from the net.
18:55 of 3rd period - Off-side.
18:56 of 3rd period - Nazem Kadri wins face-off versus Danton Heinen in neutral zone.
19:11 of 3rd period - Shot by Frank Vatrano.
19:11 of 3rd period - Shot Blocked by Vince Dunn.
19:13 of 3rd period - Shot by Victor Hedman.
19:13 of 3rd period - Stopped by Andrei Vasilevsky without a rebound.
19:14 of 3rd period - Nazem Kadri wins face-off versus Jordan Eberle in ARIZONA Coyotes zone.
19:28 of 3rd period - Shot by Jordan Eberle.
19:28 of 3rd period - Shot Misses the Net.
19:30 of 3rd period - Shot by Ryan Murray.
19:30 of 3rd period - Stopped by Andrei Vasilevsky without a rebound.
19:31 of 3rd period - Danton Heinen wins face-off versus Brayden Point in ARIZONA Coyotes zone.
Goals for this period are 0 for MINNESOTA Wild vs 1 for ARIZONA Coyotes .
Shots for this period are 8 for MINNESOTA Wild vs 6 for ARIZONA Coyotes .